AoeStats
← Косипоша

Fortress

509138461Analyzed
3v3 RM · 7d ago on Sep 25, 2026· 25m 3s· 6 players
Game mode
Random Map
Map size
Large (8 player)
Population
200
Speed
Normal
Resources
Standard
Victory
Conquest
Starting age
Dark Age
Ending age
Imperial Age
RankedLock teamsTeams togetherTeam positionsShared explorationLock speedFull tech treeHidden civsTurbo modeCheats
Victory
Defeat
🇷🇺 Italians · Russia
959
+13
🇷🇺 Wei · Russia
857
+17
🇮🇪 Dravidians · Ireland
701
+23
🇪🇸 Goths · Spain
887
-18
🇹🇷 Magyars · Türkiye
878
-18
🇭🇰 Burgundians · Hong Kong SAR China
856
-17
GardiropFuat586
9:15 Feudal Age
10:20 Double-Bit Axe
10:18 Horse Collar
10:31 Gold Mining
16:50 Stone Mining
22:03 Castle Age
21:05 Scale Mail Armor
21:12 Scale Barding Armor
21:08 Padded Archer Armor
21:00 Fletching
23:17 Caravan
23:50 Coinage
26:07 Imperial Age
25:16 Leather Archer Armor
25:07 Bodkin Arrow
mariozoovet
6:20 Loom
9:45 Feudal Age
15:31 Castle Age
踏马就一刀
6:58 Double-Bit Axe
6:56 Horse Collar
10:03 Feudal Age
8:33 Gold Mining
12:16 Bow Saw
14:45 Castle Age
14:03 Gold Shaft Mining
14:09 Heavy Plow
15:30 Husbandry
16:41 Wheelbarrow
20:57 Cavalier
26:29 Imperial Age
Косипоша
9:24 Feudal Age
10:26 Man-at-Arms
11:55 Scale Barding Armor
11:57 Scale Mail Armor
16:44 Castle Age
16:36 Padded Archer Armor
16:28 Fletching
18:07 Wheelbarrow
17:33 Double-Bit Axe
19:12 Leather Archer Armor
19:12 Bodkin Arrow
Zalypuch
1:14 Loom
6:53 Feudal Age
7:53 Double-Bit Axe
8:15 Horse Collar
16:25 Castle Age
15:27 Fletching
15:37 Padded Archer Armor
16:19 Wheelbarrow
17:08 Heavy Plow
17:31 Bow Saw
20:14 Gold Mining
22:30 Bodkin Arrow
22:02 Crossbowman
25:33 Leather Archer Armor
TurkishKarpet
6:55 Feudal Age
11:35 Castle Age
10:41 Double-Bit Axe
13:22 Scale Barding Armor
13:02 Horse Collar
13:35 Bow Saw
16:36 Loom
18:38 Gold Mining
19:36 Heavy Plow
20:22 Wheelbarrow
23:45 Chain Barding Armor
Connection lost

Rejoining the realm…

Still unreachable

The connection could not be restored.

Session expired

The server has moved on; the page needs a fresh start.